 Dungeon Crawl Stone Soup version 0.13.0-9-gbc74161 (webtiles) character file.

547 dertyp the Shield-Bearer (level 6, -4/53 HPs)
             Began as a Hill Orc Fighter on Oct 17, 2013.
             Killed by divine providence
             ... invoked by an orc priest
              (10 damage)
             ... on Level 5 of the Dungeon.
             The game lasted 00:43:03 (4167 turns).

dertyp the Shield-Bearer (Hill Orc Fighter)         Turns: 4167, Time: 00:43:03

HP  -4/53        AC  9     Str 21      XL: 6   Next: 43%
MP   5/5         EV  7     Int  8      God:
Gold 234         SH 21     Dex 10      Spells:  0 memorised,  5 levels left

Res.Fire  : . . .   See Invis. : .   a - +1 orc mace (curse)
Res.Cold  : . . .   Warding    : .   b - +1 orc scale mail
Life Prot.: . . .   Conserve   : .   c - +0 orc shield
Res.Poison: .       Res.Corr.  : .   (no helmet)
Res.Elec. : .       Clarity    : .   (no cloak)
Sust.Abil.: . .     Spirit.Shd : .   (no gloves)
Res.Mut.  : +       Stasis     : .   s - +0 pair of boots
Res.Rott. : .       Flight     : .   y - amulet of resist mutation
Saprovore : + . .                    q - cursed ring of hunger {unknown}
                                     p - ring of wizardry

@: slightly resistant to hostile enchantments, extremely unstealthy
A: saprovore 1
a: Convert to Beogh


You were on level 5 of the Dungeon.
You were not hungry.

You visited 1 branch of the dungeon, and saw 5 of its levels.

You collected 214 gold pieces.

Inventory:

Hand weapons
 a - a cursed +1,+1 orcish mace (weapon)
 j - a +0,+0 orcish trident
Missiles
 e - 82 stones (quivered)
 k - 12 darts
 r - 24 bolts
 x - 18 arrows
Armour
 b - a +1 orcish scale mail (worn)
 c - a +0 orcish shield (worn)
 s - a +0 pair of boots (worn)
Comestibles
 d - an apple
 f - 16 strawberries
 n - a bread ration
 o - a pear
Scrolls
 h - a scroll of identify
 i - a scroll of enchant weapon I
 l - 2 scrolls of remove curse {unknown}
 m - 2 scrolls of teleportation
 u - a scroll of recharging
Jewellery
 p - a ring of wizardry (left hand)
 q - a cursed ring of hunger (right hand) {unknown}
 y - an amulet of resist mutation (around neck)
Potions
 g - 2 potions of magic
 w - 3 potions of curing


   Skills:
 + Level 4.3 Fighting
 + Level 3.6 Maces & Flails
 + Level 4.4 Armour
 + Level 2.0 Dodging
 + Level 0.6 Stealth
 + Level 4.9 Shields


You had 5 spell levels left.
You didn't know any spells.

Dungeon Overview and Level Annotations

Branches:
Dungeon (5/27)
 Temple: D:4-7

Altars:
Cheibriados
Fedhas


Innate Abilities, Weirdness & Mutations

You can tolerate rotten meat.


Message History

Something smites you!
* * * LOW HITPOINT WARNING * * *
Things that are here:
a glowing orcish dagger; an orcish leather armour; an orc corpse You barely miss the kobold.
You block the kobold's attack.
The orc priest hits you but does no damage.
The kobold throws a dart.
The dart misses you.
You closely miss the orc priest.
The orc priest is moderately wounded.
You block the orc priest's attack.
You sock the orc priest!
The orc priest is almost dead.
The orc priest invokes the aid of Beogh against you.
Pain shoots through your body!
* * * LOW HITPOINT WARNING * * *
You barely miss the orc priest.
The orc priest is almost dead.
The orc priest mumbles some strange prayers to Beogh against you.
Something smites you!
You die...

##########..######
#.................
#(########..######
#.# #..# #. #.#
#..# #. #.# #..#
#. #.# #..# #. #.#
#..# #.
#@########..#####.
..#
#o#...............
_PP.#
#Ko............<..


PPPcP.# ###............... PPPP.# #............... ....## #............... ....#
#K.............. #...# #............... #...# #.o............> You could see an
orc priest, an orc and a kobold.

Vanquished Creatures
  2 orc wizards
  2 worker ants (D:4)
  Ijyb (D:2)
  9 adders
  3 giant geckos
  13 orcs
  7 giant cockroaches
  7 hobgoblins
  9 jackals
  2 quokkas
  10 bats
  7 giant newts
  6 goblins
  11 kobolds
  16 rats
  A rat skeleton (D:5)
106 creatures vanquished.

Notes
Turn   | Place    | Note
--------------------------------------------------------------
     0 | D:1      | dertyp, the Hill Orc Fighter, began the quest for the Orb.
     0 | D:1      | Reached XP level 1. HP: 19/19 MP: 0/0
     6 | D:1      | Noticed a crocodile
     6 | D:1      | Noticed a grizzly bear
     6 | D:1      | Noticed an eight-headed hydra
     7 | D:1      | Noticed a hog
    99 | D:1      | Reached XP level 2. HP: 19/26 MP: 1/1
   280 | D:1      | Reached XP level 3. HP: 33/33 MP: 2/2
   646 | D:1      | Reached skill level 1 in Dodging
   976 | D:2      | Reached skill level 4 in Fighting
  1727 | D:2      | Noticed Ijyb
  1749 | D:2      | Killed Ijyb
  1749 | D:2      | Reached XP level 4. HP: 36/40 MP: 3/3
  2166 | D:2      | Reached XP level 5. HP: 36/46 MP: 4/4
  3405 | D:4      | Reached XP level 6. HP: 53/53 MP: 5/5
  3503 | D:4      | Found a snail-covered altar of Cheibriados.
  3768 | D:4      | Paralysed by a potion of paralysis for 2 turns
  4062 | D:5      | Entered Level 5 of the Dungeon
  4124 | D:5      | Found a blossoming altar of Fedhas.
  4167 | D:5      | Killed from afar by an orc priest

Action                   |  1- 3 |  4- 6 || total
-------------------------+-------+-------++-------
Melee: Mace              |   112 |   254 ||   366
Throw: Stone             |    30 |    31 ||    61
  Use: Potion            |     2 |     8 ||    10
       Scroll            |       |     8 ||     8
